 Dungeon Crawl Stone Soup version 0.21.1-1-g345015f (webtiles) character file.

536 sking99 the Carver (level 7, -12/54 HPs)
             Began as a Barachi Fighter on June 25, 2018.
             Was a Follower of Elyvilon.
             Mangled by an orc wizard
             ... wielding a +2 dagger of electrocution
              (17 damage)
             ... on level 4 of the Dungeon.
             The game lasted 00:16:19 (5250 turns).

sking99 the Carver (Barachi Fighter)                Turns: 5250, Time: 00:16:20

Health: -12/54     AC:  8    Str: 18    XL:     7   Next: 25%
Magic:  8/8        EV:  7    Int:  8    God:    Elyvilon [*.....]
Gold:   273        SH:  9    Dex: 13    Spells: 6/6 levels left

rFire    . . .     SeeInvis .   a - +0 long sword
rCold    . . .     Gourm    .   c - +0 shield
rNeg     . . .     Faith    .   i - +0 scale mail
rPois    .         Spirit   .   l - +0 helmet
rElec    .         Reflect  .   (no cloak)
rCorr    .         Harm     .   (no gloves)
MR       .....                  (no boots)
Stlth    ..........             (no amulet)
HPRegen  0.18/turn              (no ring)
MPRegen  0.11/turn              (no ring)

@: slow
A: +LOS, swims, slowness 1, strong legs 1
a: Hop, Lesser Healing, Divine Protection, Renounce Religion


You were on level 4 of the Dungeon.
You worshipped Elyvilon.
Elyvilon was aware of your devotion.
You were not hungry.

You visited 1 branch of the dungeon, and saw 4 of its levels.

You collected 273 gold pieces.

Inventory:

Hand Weapons
 a - a +0 long sword (weapon)
 b - a +0 hunting sling
Missiles
 g - 160 stones (quivered)
 o - 2 throwing nets
 u - 29 sling bullets
Armour
 c - a +0 shield (worn)
 i - a +0 scale mail (worn)
 l - a +0 helmet (worn)
Jewellery
 n - a cursed ring of teleportation {unknown}
 q - a +4 amulet of reflection {unknown}
 v - an uncursed ring of stealth {unknown}
 w - an uncursed ring of poison resistance {unknown}
Wands
 s - a wand of digging (13)
Scrolls
 j - a scroll of fog
 m - a scroll of remove curse {unknown}
 r - a scroll of identify {unknown}
 x - a scroll of enchant weapon {unknown}
Potions
 d - a potion of might
 e - a potion of haste
 p - a potion of magic {unknown}
 t - a potion of curing {unknown}
 z - a potion of degeneration {unknown}
 A - a potion of heal wounds {unknown}
Comestibles
 f - 7 rations
 h - 3 chunks of flesh


   Skills:
 - Level 4.0 Fighting
 * Level 8.1 Long Blades
 - Level 3.9 Armour
 - Level 0.5 Dodging
 - Level 3.6 Shields
 + Level 2.2 Invocations


You had 6 spell levels left.
You didn't know any spells.

Dungeon Overview and Level Annotations

Branches:
Dungeon (4/15)
 Temple: D:4-7

Altars:
Dithmenos
Elyvilon
Wu Jian
The Shining One


Innate Abilities, Weirdness & Mutations

Shadows flee at your approach. (+LOS)
You can swim through water.
You cover ground slowly.
You can hop short distances.


Message History

You miss something. Something hits you but does no damage.
Something hits you. x2
Your scale mail prevents you from hitting something.
Something hits you but does no damage. x2; Something hits you.
You closely miss something. Something hits you but does no damage.
You hear some strange, mumbled words.
A puff of flame appears from out of thin air!
You block the puff of flame.
You slash something!
You hear some strange, mumbled words.
A magic dart appears from out of thin air!
The magic dart hits you!
* * * LOW HITPOINT WARNING * * *
Something hits you.
* * * LOW HITPOINT WARNING * * *
Something hits you.
* * * LOW HITPOINT WARNING * * *
It was a potion of cancellation.
You feel magically purged. Something hits you.
* * * LOW HITPOINT WARNING * * *
Something hits you but does no damage.
You are electrocuted!
You die...

...# { ...### .(
.....# ..( .....#####
.... .........##
..... ###..#....###
####o.....
....###....<#
#.........
...##_##.##.#######(#
#...'##.........@..(#
..P..#...........{###
.P≈..........######
.P≈P.......[## #8##
..P..⌠......###8...8
.............##.....
#............#>.....
............###.....
............###8...8


There were no monsters in sight!

Vanquished Creatures
  A howler monkey (D:3)
  A hound (D:3)
  A centaur skeleton (D:4)
  An orc wizard (D:4)
  A worker ant (D:3)
  A hound skeleton (D:2)
  Robin (D:2)
  11 gnolls
  12 adders
  2 oozes
  4 adder skeletons (D:2)
  2 worms
  3 dart slugs
  2 leopard geckos
  8 orcs
  3 bat zombies (D:2)
  3 giant cockroaches
  13 goblins
  7 hobgoblins
  11 jackals
  7 kobolds
  4 quokkas (D:3)
  2 ball pythons
  10 bats
  5 frilled lizards
  A jackal skeleton (D:4)
  A leopard gecko zombie (D:2)
  2 quokka skeletons
  A quokka zombie (D:2)
  9 rats
130 creatures vanquished.

Notes
Turn   | Place    | Note
-------+----------+-------------------------------------------
     0 | D:1      | sking99 the Barachi Fighter began the quest for the Orb.
     0 | D:1      | Reached XP level 1. HP: 18/18 MP: 1/1
   162 | D:1      | Reached XP level 2. HP: 25/25 MP: 2/2
   730 | D:1      | Reached XP level 3. HP: 30/30 MP: 3/3
   789 | D:1      | Reached skill level 3 in Long Blades
  1137 | D:2      | Noticed Robin
  1174 | D:2      | Killed Robin
  1174 | D:2      | Reached skill level 4 in Long Blades
  1174 | D:2      | Reached XP level 4. HP: 24/37 MP: 4/4
  1663 | D:2      | Reached skill level 5 in Long Blades
  1690 | D:2      | Reached XP level 5. HP: 42/42 MP: 5/5
  2412 | D:2      | Reached skill level 6 in Long Blades
  2739 | D:3      | Found a white marble altar of Elyvilon.
  2776 | D:3      | Reached XP level 6. HP: 37/48 MP: 6/6
  2778 | D:3      | Became a worshipper of Elyvilon the Healer
  3040 | D:3      | Reached * piety under Elyvilon
  3477 | D:3      | Found an ornate altar of the Wu Jian Council.
  3602 | D:3      | Reached skill level 7 in Long Blades
  3938 | D:3      | Reached skill level 1 in Invocations
  4465 | D:4      | Found a glowing golden altar of the Shining One.
  4671 | D:3      | Reached XP level 7. HP: 37/54 MP: 8/8
  4782 | D:4      | Reached skill level 8 in Long Blades
  5006 | D:4      | Found a shadowy altar of Dithmenos.
  5250 | D:4      | Mangled by an orc wizard

Skill      XL: |  1  2  3  4  5  6  7 |
---------------+----------------------+-----
Fighting       | 4 |  4.0
Long Blades    | 4 5 6 7 8 |  8.1
Invocations    | 1 2 |  2.2
Armour         | |  3.9
Dodging        | |  0.5
Shields        | |  3.6

Action                   |  1- 3 |  4- 6 |  7- 9 || total
-------------------------+-------+-------+-------++-------
Melee: Long sword        |    79 |   272 |    45 ||   396
 Fire: Hunting sling     |    17 |   118 |    23 ||   158
Throw: Stone             |       |     1 |       ||     1
 Abil: Hop               |     1 |     5 |       ||     6
  Use: Potion            |       |     1 |     2 ||     3
       Scroll            |       |     2 |       ||     2
  Eat: Chunk             |     1 |    13 |     2 ||    16
Armor: Scale mail        |    41 |   156 |    30 ||   227
Dodge: Dodged            |    37 |    85 |     8 ||   130
Block: Shield            |    47 |   159 |    14 ||   220
       Rpst.: Long sword |     7 |    27 |     4 ||    38
